AoeStats
← [NICE_ASS] BigMasi

Fortress

508919114Analyzed
4v4 RM · 7d ago on Sep 24, 2026· 55m 12s· 8 players
Game mode
Random Map
Map size
Huge
Population
200
Speed
Normal
Resources
Standard
Victory
Conquest
Starting age
Dark Age
Ending age
Imperial Age
RankedLock teamsTeams togetherTeam positionsShared explorationLock speedFull tech treeHidden civsTurbo modeCheats
Victory
Defeat
🇺🇸 Italians · United States
1326
+13
🇨🇭 Varangians · Switzerland
1292
+15
🇺🇸 Vietnamese · United States
1215
+18
🇩🇿 Saracens · Algeria
1206
+18
🇲🇽 Byzantines · Mexico
1287
-17
🇨🇱 Celts · Chile
1279
-17
🇨🇱 Vikings · Chile
1242
-15
🇨🇱 Burgundians · Chile
1226
-15
Shisui
7:40 Feudal Age
11:32 Castle Age
9:21 Double-Bit Axe
9:29 Horse Collar
10:14 Scale Mail Armor
11:31 Forging
11:12 Arson
16:04 Chain Mail Armor
17:27 Iron Casting
22:17 Gold Mining
22:17 Stone Mining
22:50 Bow Saw
23:36 Town Watch
25:02 Loom
27:21 Heavy Plow
29:35 Wheelbarrow
31:06 Gold Shaft Mining
33:37 Imperial Age
31:48 Hand Cart
31:35 Pikeman
32:32 Stronghold
34:56 Plate Mail Armor
34:47 Conscription
34:40 Furor Celtica
34:21 Halberdier
38:47 Blast Furnace
38:12 Ballistics
38:53 Chemistry
38:13 Fletching
42:29 Elite Woad Raider
43:46 Guilds
51:12 Bodkin Arrow
54:34 Chemistry
53:46 Masonry
54:20 Hoardings
bastianbps
7:03 Feudal Age
11:04 Castle Age
9:30 Horse Collar
10:27 Double-Bit Axe
11:25 Loom
11:55 Bow Saw
12:14 Heavy Plow
20:15 Fletching
20:20 Crossbowman
21:05 Bodkin Arrow
23:13 Padded Archer Armor
23:37 Ballistics
23:28 Clinker Construction
25:48 Leather Archer Armor
29:18 Imperial Age
30:02 Bogsveigar
30:24 Conscription
29:39 Arbalester
30:28 Bracer
32:07 Ring Archer Armor
32:47 Chemistry
32:41 Treadmill Crane
36:22 Scale Mail Armor
41:54 Chain Mail Armor
42:42 Elite Varangian Guard
43:54 Plate Mail Armor
43:35 Forging
47:47 Chieftains
Imperial Skirmisher
7:17 Feudal Age
11:11 Castle Age
9:06 Double-Bit Axe
9:23 Horse Collar
12:03 Bow Saw
11:56 Heavy Plow
17:23 Loom
18:46 Wheelbarrow
19:36 Forging
20:02 Hand Cart
21:18 Fletching
21:47 Padded Archer Armor
22:06 Bodkin Arrow
21:51 Elite Skirmisher
23:20 Scale Mail Armor
23:52 Squires
26:26 Imperial Age
23:55 Pikeman
24:41 Gold Mining
25:15 Ballistics
25:52 Leather Archer Armor
26:02 Chain Mail Armor
27:17 Iron Casting
28:26 Two-Man Saw
27:50 Bracer
28:36 Ring Archer Armor
28:15 Arson
29:46 Plate Mail Armor
29:07 Halberdier
29:54 Elite Varangian Guard
31:26 Thumb Ring
34:03 Chemistry
33:25 Conscription
34:22 Treadmill Crane
34:57 Fortified Wall
37:41 Hoardings
39:37 Coinage
40:40 Murder Holes
42:24 Banking
Titan
10:12 Feudal Age
9:10 Double-Bit Axe
11:53 Horse Collar
14:32 Castle Age
13:10 Gold Mining
18:54 Imperial Age
17:51 Loom
20:40 Chemistry
20:06 Bow Saw
21:40 Conscription
25:10 Wheelbarrow
27:19 Heavy Plow
29:04 Padded Archer Armor
30:00 Leather Archer Armor
32:31 Crop Rotation
33:07 Two-Man Saw
41:38 Fortified Wall
41:24 Fletching
42:05 Stone Mining
42:32 Masonry
44:55 Burgundian Vineyards
45:46 Architecture
44:59 Treadmill Crane
45:30 Bodkin Arrow
46:58 Architecture
47:28 Scale Mail Armor
47:40 Forging
47:24 Pikeman
48:47 Squires
Peter von Kerman
8:03 Feudal Age
12:30 Castle Age
11:21 Double-Bit Axe
12:15 Fletching
15:51 Bodkin Arrow
21:42 Bow Saw
22:01 Padded Archer Armor
24:43 Loom
25:29 Gold Mining
28:53 Imperial Age
27:36 Padded Archer Armor
29:43 Bracer
32:13 Leather Archer Armor
34:33 Crossbowman
36:07 Ring Archer Armor
35:32 Arbalester
36:39 Thumb Ring
37:42 Ballistics
38:23 Chemistry
38:11 Wheelbarrow
37:47 Elite Skirmisher
39:27 Imperial Skirmisher
40:58 Caravan
41:25 Hand Cart
53:02 Siege Engineers
[NICE_ASS] BigMasi
9:49 Feudal Age
10:44 Double-Bit Axe
10:59 Horse Collar
13:43 Castle Age
12:30 Scale Barding Armor
12:36 Forging
14:49 Bow Saw
15:50 Heavy Plow
17:20 Loom
19:16 Wheelbarrow
18:27 Town Watch
22:43 Bloodlines
23:30 Hand Cart
23:14 Stone Mining
23:14 Gold Mining
23:21 Stone Mining
25:10 Chain Barding Armor
31:01 Imperial Age
29:12 Iron Casting
28:55 Husbandry
28:16 Light Cavalry
32:12 Conscription
31:16 Elite Jarl
33:16 Plate Barding Armor
33:42 Blast Furnace
32:34 Hussar
42:31 Fletching
47:29 Caravan
HDm
1:41 Loom
8:34 Feudal Age
9:31 Double-Bit Axe
9:50 Horse Collar
12:30 Castle Age
12:52 Wheelbarrow
20:29 Gold Mining
21:26 Heavy Plow
21:34 Stone Mining
23:00 Bow Saw
24:47 Gold Shaft Mining
27:53 Imperial Age
26:36 Hand Cart
26:43 Scale Barding Armor
27:26 Bloodlines
27:17 Husbandry
27:37 Forging
27:51 Chain Barding Armor
28:56 Iron Casting
28:10 Elite Mameluke
28:21 Heavy Camel Rider
29:27 Padded Archer Armor
30:04 Plate Barding Armor
30:24 Conscription
31:37 Blast Furnace
30:39 Padded Archer Armor
30:51 Capped Ram
33:22 Leather Archer Armor
32:36 Siege Ram
39:30 Chemistry
38:50 Ballistics
39:03 Ring Archer Armor
38:25 Fletching
38:35 Scale Mail Armor
Embers1000
7:33 Feudal Age
8:18 Double-Bit Axe
11:30 Castle Age
9:26 Horse Collar
10:10 Stone Mining
10:22 Gold Mining
10:45 Loom
12:23 Bow Saw
14:42 Fletching
15:57 Wheelbarrow
16:31 Padded Archer Armor
19:17 Bodkin Arrow
21:26 Town Watch
22:03 Leather Archer Armor
23:05 Devotion
23:42 Devotion
24:28 Ballistics
27:42 Hand Cart
34:30 Imperial Age
32:15 Light Cavalry
32:57 Husbandry
33:02 Scale Barding Armor
35:03 Fortified Wall
34:35 Treadmill Crane
35:37 Heavy Plow
40:06 Masonry
40:54 Elite Skirmisher
41:40 Thumb Ring
51:54 Crop Rotation
53:34 Bloodlines
54:00 Architecture
54:37 Two-Man Saw
53:54 Bracer
55:18 Chain Barding Armor
55:09 Forging
55:00 Scale Mail Armor
55:30 Conscription
56:20 Ring Archer Armor
Connection lost

Rejoining the realm…

Still unreachable

The connection could not be restored.

Session expired

The server has moved on; the page needs a fresh start.